 Dungeon Crawl Stone Soup version 0.29-a0-214-g17f627cfee (webtiles) character file.

Game seed: 16501472158542370707

25 Hasart the Bolt Thrower (level 2, -4/24 HPs)
             Began as a Demigod Hunter on Feb 24, 2022.
             Slain by an iguana (6 damage)
             ... on level 2 of the Dungeon.
             The game lasted 00:02:57 (1220 turns).

Hasart the Bolt Thrower (Demigod Hunter)            Turns: 1220, Time: 00:02:58

Health: -4/24      AC:  6    Str: 13    XL:     2   Next: 66%
Magic:  4/4        EV: 11    Int: 13    God:
Gold:   65         SH:  0    Dex: 14    Spells: 1/1 levels left

rFire   + . .      SeeInvis .   a - +1 hand crossbow
rCold   . . .      Faith    .   (no shield)
rNeg    . . .      Spirit   .   d - +1 ring mail {rF+}
rPois   .          Reflect  .   (no helmet)
rElec   .          Harm     .   (no cloak)
rCorr   .          Rampage  .   (no gloves)
Will    .....                   (no boots)
Stlth   +.........              (no amulet)
HPRegen 0.08/turn               (no ring)
MPRegen 0.09/turn               (no ring)

@: lethally poisoned (-4 -> -11)
A: high MP 1, forlorn, divine attributes
a: no special abilities


You were on level 2 of the Dungeon.
You visited 1 branch of the dungeon, and saw 2 of its levels.

You collected 65 gold pieces.

Inventory:

Hand Weapons
 a - a +1 hand crossbow (weapon)
Armour
 b - a +0 leather armour
 d - a +1 ring mail of fire resistance (worn)
Jewellery
 i - a +6 ring of strength
Potions
 c - a potion of mutation
 e - a potion of curing {unknown}


   Skills:
 + Level 2.0 Fighting
 * Level 3.9 Crossbows
 + Level 0.5 Armour
 + Level 2.0 Dodging
 + Level 1.4 Stealth


You had one spell level left.
You didn't know any spells.
Your spell library contained the following spells:

 Spells                   Type           Power      Damage    Failure   Level
 Ice Form                 Ice/Tmut       0%         N/A       100%        4
 Ozocubu's Refrigeration  Ice            0%         4d5       100%        7


Dungeon Overview and Level Annotations

Branches:
Dungeon (2/15)

Shops:
D:1 [


Innate Abilities, Weirdness & Mutations

You have an increased reservoir of magic. (+10% MP)
You shall have no god before yourself.
Your divine heritage dramatically boosts your attributes as you level up.


Message History

An adder is nearby!
You shoot a bolt. The bolt barely misses the adder.
You shoot a bolt. The bolt hits the adder.
The adder is lightly wounded.
You shoot a bolt. The bolt misses the adder.
The adder bites you but does no damage.
A dart slug comes into view.
You shoot a bolt. The bolt barely misses the adder.
The adder bites you.
You are poisoned.
The adder poisons you! The adder bites you but does no damage.
You shoot a bolt. The bolt closely misses the adder.
You feel sick. The adder closely misses you. The adder barely misses you.
You shoot a bolt. The bolt hits the adder.
The adder is heavily wounded.
You feel sick. The adder bites you but does no damage.
The adder completely misses you.
You shoot a bolt. The bolt closely misses the adder.
You feel sick.
You are no longer poisoned.
The adder misses you. The iguana barely misses you.
The adder closely misses you.
You shoot a bolt. The bolt closely misses the adder.
The adder bites you. The iguana bites you.
You are too injured to fight recklessly!
The adder bites you.
* * * LOW HITPOINT WARNING * * *
You are too injured to fight recklessly!
You are too injured to fight recklessly!
You are too injured to fight recklessly!
Shoot: a) +1 hand crossbow
Press: ? - help, Q - select action Shift-Dir - straight line, f/p - adder
Aim: an adder (lightly wounded, 46% to hit)
You shoot a bolt. The bolt hits the adder.
The adder is heavily wounded.
The adder barely misses you.
The iguana bites you but does no damage.
The adder bites you.
* * * LOW HITPOINT WARNING * * *
You are lethally poisoned!
The adder poisons you! The iguana bites you.
You die...

# #. . #.#
####... #..##
##.....# ### ...
##..#
....##.##lw##
#.....@S##
####....#
#..#.......
##..##########..
#.....##........
#.###..#.#####..
#..####...#
...##.....##
..###..###.#####


You could see an iguana, an adder and a dart slug.

Vanquished Creatures
  2 bats (D:1)
  2 endoplasms (D:1)
  2 giant cockroaches
  4 goblins (D:1)
  A hobgoblin (D:1)
  2 quokkas (D:1)
  3 ball pythons (D:1)
  2 frilled lizards (D:1)
  2 kobolds (D:1)
  3 rats (D:1)
23 creatures vanquished.

Notes
Turn   | Place    | Note
-------+----------+-------------------------------------------
     0 | D:1      | Hasart the Demigod Hunter began the quest for the Orb.
     0 | D:1      | Reached XP level 1. HP: 17/17 MP: 3/3
    23 | D:1      | Reached skill level 1 in Stealth
    36 | D:1      | Got the Almanac of Snow
   257 | D:1      | Reached XP level 2. HP: 24/24 MP: 4/4
   602 | D:1      | Found Jevun's Antique Armour Shop.
  1220 | D:2      | Slain by an iguana

Illustrated notes

Levels and vault maps discovered:
D:1:      heliophobic_arrival_ceremonial_halls, layout_basic, serial_shops,
          nicolae_shop_trees
D:2:      layout_rooms, dreamdust_ecumenical_altar_hidden_monk_grotto

Skill      XL: |  1  2 |
---------------+-------+-----
Stealth        | 1 |  1.4
Fighting       | 2 |  2.0
Dodging        | 2 |  2.0
Crossbows      | |  3.9
Armour         | |  0.5

Action                   || total
-------------------------++-------
 Fire: Hand crossbow     ||    59
  Use: Scroll            ||     3
Armor: Ring mail         ||     8
Dodge: Dodged            ||    11

Table legend: (Time is in decaauts)
 A = Elapsed time spent in this place.
 B = Non-inter-level travel time spent in this place.
 C = Inter-level travel time spent in this place.
 D = Time resting spent in this place.
 E = Time spent auto-exploring this place.
 F = Levels seen in this place.
 G = Mean time per level.
                   A        B        C        D        E       F      G
               +--------+--------+--------+--------+--------+-----+--------+
         Total |   1244 |   1219 |     25 |     24 |   1030 |   2 |  622.0 |
       Dungeon |   1244 |   1219 |     25 |     24 |   1030 |   2 |  622.0 |
               +--------+--------+--------+--------+--------+-----+--------+

Top non-repeatable levels by time:
     D:1: 1192 daAuts
     D:2: 51 daAuts
